 Dungeon Crawl Stone Soup version 0.28-a0-10-g964c8b829e (webtiles) character file.

Game seed: 13047402925921934377

74 pkoi the Poker (level 4, 0/85 HPs)
             Began as a Minotaur Gladiator on July 26, 2021.
             Succumbed to a water moccasin's poison
             ... in a sewer.
             The game lasted 00:01:39 (1253 turns).

pkoi the Poker (Minotaur Gladiator)                 Turns: 1253, Time: 00:01:39

Health: 0/85       AC: 22    Str: 19    XL:     4   Next: 10%
Magic:  3/3        EV:  2    Int:  5    God:
Gold:   71         SH:  0    Dex: 12    Spells: 3/3 levels left

rFire   . . .      SeeInvis .   a - +0 trident
rCold   . . .      Faith    .   (no shield)
rNeg    + + +      Spirit   .   (armour currently unavailable)
rPois   +          Reflect  .   (helmet currently unavailable)
rElec   .          Harm     .   (cloak currently unavailable)
rCorr   .          Rampage  .   (gloves currently unavailable)
Will    .....      NoTele   +   (boots currently unavailable)
Stlth   ..........              (no amulet)
HPRegen 0.24/turn               (no ring)
MPRegen 0.08/turn               (no ring)

@: berserking, lethally poisoned (0 -> -8), tree-form, very quick
A: stationary, stasis, torment immunity, boosted hp, (horns 2), (retaliatory
headbutt)
a: no special abilities


You were in a sewer.
You were a tree.
You visited 1 branch of the dungeon, and saw 3 of its levels.
You also visited: Sewer.

You collected 71 gold pieces.

Inventory:

Hand Weapons
 a - a +0 trident (weapon)
Missiles
 d - 3 throwing nets (quivered)
 h - 11 poisoned darts
Armour
 b - a +0 leather armour
 c - a +0 hat (melded)
 k - a +0 scale mail (melded)
Scrolls
 f - a scroll of enchant armour {unknown}
 g - 4 scrolls of identify {unknown}
Potions
 i - a potion of lignification


   Skills:
 + Level 3.3 Fighting
 * Level 5.0 Polearms
 - Level 2.0 Throwing
 + Level 2.0 Armour
 - Level 3.2 Dodging


You had 3 spell levels left.
You didn't know any spells.
Your spell library was empty.

Dungeon Overview and Level Annotations

Branches:
Dungeon (3/15)              Sewer (1/1)

Altars:
Cheibriados

Shops:
D:2 [


Innate Abilities, Weirdness & Mutations

You are a tree.
Your roots penetrate the ground, keeping you stationary.
You cannot be teleported.
You are immune to unholy pain and torment.
Your maximum health is greatly increased.
Your equipment is partially melded.
((You have a pair of horns on your head.))
((You reflexively headbutt those who attack you in melee.))


Message History

You feel very sick. The water moccasin bites you.
You are lethally poisoned!
The water moccasin poisons you! The water moccasin closely misses you.
You hit the water moccasin.
Your headbutt misses the water moccasin.
The water moccasin is moderately wounded.
You feel very sick. The water moccasin bites you. x2
You are too injured to fight recklessly!
You are too injured to fight recklessly!
Unknown command.
It was a potion of invisibility.
You fade into invisibility!
* * * LOW HITPOINT WARNING * * *
You feel very sick. The water moccasin barely misses you.
You are very lightly contaminated with residual magic.
It was a potion of cancellation.
Your magical effects are unravelling.
You feel magically purged.
Your magical contamination has completely faded away.
You flicker back into view.
* * * LOW HITPOINT WARNING * * *
You feel very sick. The water moccasin bites you.
* * * LOW HITPOINT WARNING * * *
It was a potion of lignification.
You turn into a tree.
Your +0 hat melds into your body.
Your +0 scale mail melds into your body.
Your roots penetrate the ground.
* * * LOW HITPOINT WARNING * * *
You feel very sick.
The water moccasin bites you but does no damage.
The water moccasin barely misses you.
Unknown command.
It was a potion of berserk rage.
A red film seems to cover your vision as you go berserk!
You feel yourself moving faster!
You feel mighty!
You die...

#..$($..#
#.......#
#.......# .......
..... ... #S#
####### #♣#
##.....## #.#
##...≈...#
#.#######...≈≈≈.†.
#..........≈≈≈≈≈†∩
#.#######...≈≈≈...
#.# ##...≈...# #.#
##.....## #.#
####### #.#


You could see a water moccasin.

Vanquished Creatures
  3 adders (D:2)
  An adder skeleton (D:2)
  2 worms
  A dart slug (D:2)
  3 ball pythons
  9 bats
  An endoplasm (D:3)
  2 giant cockroaches (D:3)
  2 goblins
  A hobgoblin (D:1)
  3 frilled lizards
  7 kobolds
  4 rats
39 creatures vanquished.

Notes
Turn   | Place    | Note
-------+----------+-------------------------------------------
     0 | D:1      | pkoi the Minotaur Gladiator began the quest for the Orb.
     0 | D:1      | Reached XP level 1. HP: 18/18 MP: 0/0
    99 | D:1      | Found a faded altar of an unknown god.
   505 | D:2      | Reached skill level 4 in Polearms
   505 | D:2      | Reached skill level 1 in Armour
   505 | D:2      | Reached XP level 2. HP: 25/25 MP: 1/1
   514 | D:2      | Reached XP level 3. HP: 28/31 MP: 2/2
   593 | D:2      | Found a snail-covered altar of Cheibriados.
   640 | D:2      | Found Gamutsun's Armour Shoppe.
  1057 | D:3      | Reached XP level 4. HP: 20/38 MP: 3/3
  1057 | D:3      | Found a glowing drain.
  1060 | D:3      | Reached skill level 5 in Polearms
  1068 | Sewer    | Entered a sewer
  1244 | Sewer    | Noticed a water moccasin
  1252 | Sewer    | HP: 1/57 [poisoned by a water moccasin]
  1253 | Sewer    | Succumbed to a water moccasin's poison

Illustrated notes

Levels and vault maps discovered:
D:1:      wander_arrival_desolate, layout_rooms,
          shapermc_ecumenical_altar_mp_highgroup, minmay_misc_feat_columns,
          hangedman_decor_growths
D:2:      layout_rooms, serial_shops, nicolae_shop_stone, basic_altar,
          minmay_strange_pillars
D:3:      layout_basic, portal_sewer_entry_a
Sewer:    sewer_big_baddie

Skill      XL: |  1  2  3  4 |
---------------+-------------+-----
Polearms       | 4 5 |  5.0
Armour         | 1 2 |  2.0
Fighting       | 3 |  3.3
Throwing       | |  2.0
Dodging        | |  3.2

Action                   |  1- 3 |  4- 6 || total
-------------------------+-------+-------++-------
Melee: Trident           |    93 |    14 ||   107
       Headbutt          |     9 |     1 ||    10
  Use: Potion            |       |     4 ||     4
Armor: Leather armour    |     5 |       ||     5
       Scale mail        |    13 |    24 ||    37
       Skin              |       |     1 ||     1
Dodge: Dodged            |    30 |    24 ||    54

Table legend: (Time is in decaauts)
 A = Elapsed time spent in this place.
 B = Non-inter-level travel time spent in this place.
 C = Inter-level travel time spent in this place.
 D = Time resting spent in this place.
 E = Time spent auto-exploring this place.
 F = Levels seen in this place.
 G = Mean time per level.
                   A        B        C        D        E       F      G
               +--------+--------+--------+--------+--------+-----+--------+
         Total |   1261 |   1205 |     56 |    147 |    820 |   4 |  315.2 |
       Dungeon |   1076 |   1020 |     56 |      0 |    804 |   3 |  358.7 |
         Sewer |    185 |    185 |      0 |    147 |     16 |   1 |  185.0 |
               +--------+--------+--------+--------+--------+-----+--------+

Top non-repeatable levels by time:
     D:2: 515 daAuts
     D:1: 484 daAuts
   Sewer: 185 daAuts
     D:3: 76 daAuts
